 Dungeon Crawl Stone Soup version 0.27.0-1-g7a089689b8 (webtiles) character file.

Game seed: 16673886903339151263

42 sanka the Vexing (level 3, -3/27 HPs)
             Began as a Human Arcane Marksman on July 31, 2021.
             Slain by a gnoll (6 damage)
             ... on level 1 of the Dungeon.
             The game lasted 00:04:46 (2329 turns).

sanka the Vexing (Human Arcane Marksman)            Turns: 2329, Time: 00:04:47

Health: -3/27      AC:  5    Str: 11    XL:     3   Next: 77%
Magic:  4/4        EV: 11    Int: 13    God:
Gold:   58         SH:  0    Dex: 13    Spells: 3/4 levels left

rFire    . . .     SeeInvis .   k - +0 whip
rCold    . . .     Faith    .   (no shield)
rNeg     . . .     Spirit   .   l - +0 ring mail
rPois    .         Reflect  .   (no helmet)
rElec    .         Harm     .   (no cloak)
rCorr    .         Rampage  .   (no gloves)
Will     .....                  (no boots)
Stlth    +.........             (no amulet)
HPRegen  0.09/turn              (no ring)
MPRegen  0.09/turn              (no ring)

@: no status effects
A: no striking features
a: no special abilities


You were on level 1 of the Dungeon.
You visited 1 branch of the dungeon, and saw 2 of its levels.

You collected 58 gold pieces.


   Skills:
 + Level 2.0 Fighting
 + Level 2.7 Throwing
 + Level 2.7 Dodging
 - Level 1.0 Spellcasting
 - Level 3.0 Hexes


You had 3 spell levels left.
You knew the following spells:

 Your Spells              Type           Power      Damage    Failure   Level
Z - Corona                Hex            8%         N/A       21%         1

Your spell library contained the following spells:

 Spells                   Type           Power      Damage    Failure   Level
 Slow                     Hex            8%         N/A       30%         2
 Inner Flame              Hex/Fire       4%         N/A       73%         3
 Portal Projectile        Hex/Tloc       8%         N/A       73%         3
 Cause Fear               Hex            4%         N/A       89%         4

Inventory:

Hand Weapons
 d - a +0 club
 e - a +0 dagger
 k - a +0 whip (weapon)
Armour
 a - a +0 robe
 l - a +0 ring mail (worn)
Scrolls
 g - a scroll of immolation {unknown}
 h - 2 scrolls of identify {unknown}
 i - a scroll of blinking {unknown}
 j - a scroll of enchant armour {unknown}
 m - a scroll of enchant weapon {unknown}
Potions
 f - a potion of heal wounds {unknown}

Dungeon Overview and Level Annotations

Branches:
Dungeon (2/15)

Altars:

.▒ ▒▒▒▒.▒ ▒...▒▒▒▒.▒ .▒ ▒....▒
▒▒▒......▒.▒ .▒
▒....▒▒▒▒▒.▒...▒▒.▒.▒ .▒ ▒▒▒▒▒▒▒
▒....▒.....▒....▒.▒.▒ .▒
▒.....▒▒▒▒....▒..............▒
'▒▒▒.............▒▒▒▒▒.▒.▒......▒
..............▒▒..†....▒.▒......▒
..............▒▒▒▒▒▒▒▒▒▒.▒.......
..............'.pg.....▒.▒▒▒▒▒▒▒▒
....▒▒▒▒......▒▒▒▒▒▒▒▒.▒.....▒
▒▒▒▒▒▒...........▒...▒.▒▒▒▒▒.▒
▒▒▒▒▒▒.▒..▒▒▒....▒.▒.▒.▒ ▒.▒
.......▒▒(▒▒▒....▒.▒.▒.▒ ▒.▒
..........>▒▒▒▒▒.....▒.▒ ▒.▒
▒▒▒▒▒▒▒▒▒▒.▒ ▒▒▒.▒▒▒.▒ ▒.▒
▒▒'▒▒▒▒▒▒▒.▒ ▒.▒ ▒.▒ ▒......▒...▒
▒.▒ ▒.▒


You could see a gnoll.


Message History

The gnoll misses you.
You climb upwards.
There is a stone staircase leading down here.
Throw: 2 javelins
Aim: a gnoll, wielding a +4 whip (63% to hit)
You throw a javelin. The javelin pierces through the gnoll!
The gnoll is severely wounded.
The gnoll hits you with a +4 whip. The gnoll hits you with a +4 whip!
* * * LOW HITPOINT WARNING * * *
Throw: javelin
Aim: a gnoll, wielding a +4 whip (severely wounded, 63% to hit)
You throw a javelin. The javelin closely misses the gnoll.
The gnoll closely misses you.
Throw: 2 throwing nets {=f}
Aim: a gnoll, wielding a +4 whip (severely wounded, 63% to hit)
You throw a throwing net {=f}.
The throwing net {=f} closely misses the gnoll.
The gnoll closely misses you.
Throw: throwing net {=f}
Aim: a gnoll, wielding a +4 whip (severely wounded, 63% to hit)
You throw a throwing net {=f}.
The throwing net {=f} closely misses the gnoll.
The gnoll hits you with a +4 whip!
* * * LOW HITPOINT WARNING * * *
There is an open door here.
The gnoll hits you with a +4 whip.
You die...

Action                   || total
-------------------------++-------
Melee: Club              ||    27
       Dagger            ||    71
       Whip              ||    19
Throw: Javelin           ||     8
       Throwing net      ||     2
 Cast: Corona            ||    21
 Stab: Sleeping          ||     1
Armor: Robe              ||    15
       Ring mail         ||     5
Dodge: Dodged            ||    76

Levels and vault maps discovered:
D:1:      onia_arrival_handbag, layout_basic, feat_on_display
D:2:      minmay_diamond_boxcup, layout_basic

Notes
Turn   | Place    | Note
-------+----------+-------------------------------------------
     0 | D:1      | sanka the Human Arcane Marksman began the quest for the
                  | Orb.
     0 | D:1      | Reached XP level 1. HP: 15/15 MP: 2/2
   355 | D:1      | Reached XP level 2. HP: 21/21 MP: 1/3
  1237 | D:1      | Reached XP level 3. HP: 24/27 MP: 2/4
  2290 | D:2      | Reached skill level 2 in Fighting
  2301 | D:1      | HP: 1/27 [gnoll (7)]
  2329 | D:1      | Slain by a gnoll

Vanquished Creatures
  A gnoll (D:2)
  A dart slug (D:1)
  An orc (D:2)
  3 endoplasms (D:1)
  A giant cockroach (D:1)
  A goblin (D:1)
  5 hobgoblins
  2 jackals (D:1)
  3 quokkas
  A ball python (D:1)
  A bat (D:1)
  2 frilled lizards
  3 kobolds
  2 rats
27 creatures vanquished.
